 Dungeon Crawl Stone Soup version 0.29-a0-314-gb00dd7cb4b (webtiles) character file.

Game seed: 17192341660340367515

35 Astera the Ogre Mage (level 3, 0/46 HPs)
             Began as an Ogre Hedge Wizard on Mar 26, 2022.
             Was an Initiate of Ru.
             Slain by an adder (1 damage)
             ... on level 2 of the Dungeon on Mar 29, 2022.
             The game lasted 00:08:43 (2205 turns).

Astera the Ogre Mage (Ogre Hedge Wizard)            Turns: 2205, Time: 00:08:43

Health: 0/46       AC: 21    Str: 14    XL:     3   Next: 35%
Magic:  7/8        EV:  1    Int: 17    God:    Ru [......]
Gold:   119        SH:  0    Dex:  6    Spells: 8/9 levels left

rFire   . . .      SeeInvis .   a - +0 dagger
rCold   . . .      Faith    .   (no shield)
rNeg    . . .      Spirit   .   (body armour currently unavailable)
rPois   +          Reflect  .   (helmet currently unavailable)
rElec   .          Harm     .   (cloak currently unavailable)
rCorr   .          Rampage  .   (gloves unavailable)
Will    .....      NoTele   +   (boots unavailable)
Stlth   +.........              (no amulet)
HPRegen 0.15/turn               (no ring)
MPRegen 0.11/turn               (no ring)

@: tree-form
A: stationary, stasis, torment immunity, boosted hp, large, unfitting armour,
clumsy 1, (tough skin 1)
a: Renounce Religion


You were on level 2 of the Dungeon.
You worshipped Ru.
Ru was noncommittal.
You were a tree.
You visited 1 branch of the dungeon, and saw 2 of its levels.

You collected 119 gold pieces.

Inventory:

Hand Weapons
 a - a +0 dagger (weapon)
Missiles
 f - 5 poisoned darts
Armour
 b - a +0 robe (melded)
 c - a +0 hat (melded)
Scrolls
 e - 3 scrolls of identify {unknown}
 g - a scroll of immolation {unknown}
 h - a scroll of fear {unknown}
 i - a scroll of teleportation {unknown}
 k - a scroll of noise {unknown}
Potions
 d - a potion of magic


   Skills:
 + Level 2.0 Dodging
 + Level 1.7 Stealth
 + Level 3.9 Spellcasting
 + Level 1.3 Conjurations
 + Level 1.3 Summonings
 + Level 1.3 Translocations


You had 8 spell levels left.
You knew the following spells:

 Your Spells              Type           Power      Damage    Failure   Level
a - Magic Dart            Conj           28%        1d4       10%         1

Your spell library contained the following spells:

 Spells                   Type           Power      Damage    Failure   Level
 Blink                    Tloc           14%        N/A       14%         2
 Call Imp                 Summ           7%         N/A       14%         2
 Sandblast                Erth           6%         2d5       16%         1
 Slow                     Hex            12%        N/A       16%         1
 Passwall                 Tmut/Erth      2%         N/A       24%         2
 Conjure Flame            Conj/Fire      5%         6-21      36%         3
 Mephitic Cloud           Conj/Pois/Air  4%         N/A       36%         3
 Stone Arrow              Conj/Erth      10%        3d7       36%         3


Dungeon Overview and Level Annotations

Branches:
Dungeon (2/15)

Altars:
Ru

Shops:
D:1 !


Innate Abilities, Weirdness & Mutations

You are a tree.
Your roots penetrate the ground, keeping you stationary.
You cannot be teleported.
You are immune to unholy pain and torment.
Your maximum health is greatly increased.
Your equipment is partially melded.
You are too large for most types of armour.
You are clumsy. (Dex -2)
((You have tough skin. (AC +1)))


Message History

You closely miss the adder.
The adder is heavily wounded.
You feel sick. The adder bites you.
You hit the adder but do no damage.
The adder is heavily wounded.
You feel sick. The adder bites you.
* * * LOW HITPOINT WARNING * * *
The adder barely misses you.
You barely miss the adder.
The adder is heavily wounded.
You feel sick. The adder barely misses you.
You hit the adder but do no damage.
The adder is heavily wounded.
You feel sick.
You are no longer poisoned.
The adder bites you but does no damage.
You hit the adder.
The adder is heavily wounded.
The adder closely misses you. The adder bites you but does no damage.
You hit the adder.
The adder is severely wounded.
The adder bites you.
* * * LOW HITPOINT WARNING * * *
You hit the adder.
The adder is almost dead.
The adder bites you.
* * * LOW HITPOINT WARNING * * *
You hit the adder but do no damage.
The adder is almost dead.
The adder bites you.
* * * LOW HITPOINT WARNING * * *
The adder closely misses you.
You barely miss the adder.
The adder is almost dead.
The adder bites you.
* * * LOW HITPOINT WARNING * * *
It was a potion of lignification.
You turn into a tree.
Your +0 hat melds into your body.
Your +0 robe melds into your body.
Your roots penetrate the ground.
The adder bites you.
You die...

## ###. ..r #
#S###############
#
#.♣.............#
# #
###############.#
# ##########.#
#.###
............
#....
............
#####
............# #
....<.......# #
............#####
#
................#
#


You could see an adder and a quokka.

Vanquished Creatures
  A dart slug (D:1)
  6 bats
  2 endoplasms (D:1)
  2 giant cockroaches (D:1)
  3 goblins (D:1)
  3 hobgoblins (D:1)
  2 jackals (D:1)
  A quokka (D:1)
  2 ball pythons
  3 kobolds
  3 rats
28 creatures vanquished.

Notes
Turn   | Place    | Note
-------+----------+-------------------------------------------
     0 | D:1      | Astera the Ogre Hedge Wizard began the quest for the Orb.
     0 | D:1      | Reached XP level 1. HP: 16/16 MP: 5/5
    28 | D:1      | Reached skill level 1 in Summonings
    33 | D:1      | Reached skill level 1 in Conjurations
    85 | D:1      | Reached skill level 1 in Translocations
   112 | D:1      | Reached XP level 2. HP: 15/24 MP: 2/6
   377 | D:1      | Found a faded altar of an unknown god.
   387 | D:1      | Prayed at the altar of an unknown god.
   387 | D:1      | Became a worshipper of Ru the Awakened
   401 | D:1      | Gained mutation: You are clumsy. (Dex -2) [Ru sacrifice]
   445 | D:1      | Upgraded the game from 0.29-a0-304-gb34f9e133a to
                  | 0.29-a0-307-gecccbbdb84
  1082 | D:1      | Reached XP level 3. HP: 22/31 MP: 8/8
  1346 | D:1      | Upgraded the game from 0.29-a0-307-gecccbbdb84 to
                  | 0.29-a0-314-gb00dd7cb4b
  1427 | D:1      | Found Punit's Distillery.
  2203 | D:2      | HP: 1/31 [adder (3)]
  2205 | D:2      | Slain by an adder

Illustrated notes

Levels and vault maps discovered:
D:1:      ncdulo_halloftheorcs, layout_rooms, serial_curves, eino_curves_03,
          eino_curves_01, serial_shops, nicolae_shop_hallway_plus,
          hellmonk_ecumenical_altar_inner_sanctum
D:2:      layout_basic, st_stairs_12, uniq_natasha

Skill      XL: |  1  2 |
---------------+-------+-----
Summonings     | 1 |  1.3
Conjurations   | 1 |  1.3
Translocations | 1 |  1.3
Dodging        | 2 |  2.0
Stealth        | |  1.7
Spellcasting   | |  3.9

Action                   || total
-------------------------++-------
Melee: Dagger            ||    99
 Cast: Magic Dart        ||    68
Invok: Sacrifice Purity  ||     1
  Use: Potion            ||     2
Armor: Robe              ||    54
Dodge: Dodged            ||    80

Table legend: (Time is in decaauts)
 A = Elapsed time spent in this place.
 B = Non-inter-level travel time spent in this place.
 C = Inter-level travel time spent in this place.
 D = Time resting spent in this place.
 E = Time spent auto-exploring this place.
 F = Levels seen in this place.
 G = Mean time per level.
                   A        B        C        D        E       F      G
               +--------+--------+--------+--------+--------+-----+--------+
         Total |   2206 |   2134 |     72 |    751 |    737 |   2 | 1103.0 |
       Dungeon |   2206 |   2134 |     72 |    751 |    737 |   2 | 1103.0 |
               +--------+--------+--------+--------+--------+-----+--------+

Top non-repeatable levels by time:
     D:1: 1701 daAuts
     D:2: 505 daAuts
